 Dungeon Crawl Stone Soup version 0.29-a0-892-g2c4c91d9db (webtiles) character file.

Game seed: 16670461333313488942

2564 Locuples the Carver (level 9, -3/82 HPs)
             Began as a Minotaur Berserker on July 22, 2022.
             Was an Elder of Trog.
             Slain by a human
             ... wielding a +0 long sword
              (6 damage)
             ... on level 7 of the Dungeon.
             The game lasted 00:13:45 (7422 turns).

Locuples the Carver (Minotaur Berserker)            Turns: 7422, Time: 00:13:46

Health: -3/82      AC:  8    Str: 26    XL:     9   Next: 31%
Magic:  0/17       EV: 12    Int:  4    God:    Trog [****..]
Gold:   318        SH:  0    Dex: 10    Spells: 8/8 levels left

rFire   . . .      SeeInvis +   t - +0 long sword
rCold   . . .      Faith    .   (no shield)
rNeg    . . .      Spirit   +   o - +0 ring mail
rPois   .          Reflect  .   (helmet restricted)
rElec   .          Harm     .   q - +0 cloak
rCorr   .          Rampage  .   (no gloves)
Will    ++...                   (no boots)
Stlth   ..........              w - amulet of guardian spirit
HPRegen 1.23/turn               s - ring of see invisible
MPRegen 0.15/turn               v - ring of magical power

@: strong-willed, on berserk cooldown, regenerating, slowed, very slow
A: horns 2, retaliatory headbutt
a: Renounce Religion, Berserk, Trog's Hand, Brothers in Arms


You were on level 7 of the Dungeon.
You worshipped Trog.
Trog was greatly pleased with you.
You visited 1 branch of the dungeon, and saw 7 of its levels.
You also visited: Ossuary.

You collected 318 gold pieces.

Inventory:

Hand Weapons
 a - a +0 falchion
 t - a +0 long sword (weapon)
Armour
 o - a +0 ring mail (worn)
 q - a +0 cloak (worn)
Jewellery
 r - an amulet of reflection
 s - a ring of see invisible (left hand)
 u - an amulet of the acrobat
 v - a ring of magical power (right hand)
 w - an amulet of guardian spirit (around neck)
Wands
 l - a wand of charming (5)
Scrolls
 c - 3 scrolls of magic mapping
 f - 2 scrolls of fear
 h - 6 scrolls of teleportation
 i - a scroll of enchant weapon
 n - a scroll of poison
 p - 2 scrolls of butterflies
 x - a scroll of summoning {unknown}
 y - a scroll of blinking {unknown}
Potions
 b - 3 potions of berserk rage {unknown}
 d - 2 potions of haste {unknown}
 e - a potion of resistance
 g - a potion of might {unknown}
 j - a potion of attraction {unknown}
 k - 4 potions of magic
 m - a potion of mutation {unknown}
 z - a potion of flight {unknown}


   Skills:
 * Level 8.5 Fighting
 * Level 10.8 Long Blades
 * Level 7.6 Armour
 + Level 4.1 Dodging


You had 8 spell levels left.
You didn't know any spells.
Your spell library was empty.

Dungeon Overview and Level Annotations

Branches:
Dungeon (7/15)             Temple (0/1) D:5         Ossuary (visited)

Altars:
Ashenzari
Elyvilon
Gozag
Hepliaklqana
Kikubaaqudgha
Nemelex Xobeh
Ru
Xom

Shops:
D:5 *


Innate Abilities, Weirdness & Mutations

You have a pair of horns on your head.
You reflexively headbutt those who attack you in melee.


Message History

The human closely misses you.
You hit the human.
The human is heavily wounded.
You closely miss the human.
The human is heavily wounded.
The human barely misses you.
The human hits you with a +0 long sword.
* * * LOW HITPOINT WARNING * * *
You hit the human.
The human is heavily wounded.
You barely miss the human.
You headbutt the human, but do no damage.
The human is heavily wounded.
The human hits you with a +0 long sword.
* * * LOW HITPOINT WARNING * * *
The human hits you with a +0 long sword.
* * * LOW HITPOINT WARNING * * *
You hit the human but do no damage. Your headbutt misses the human.
The human is heavily wounded.
The human hits you with a +0 long sword.
* * * LOW HITPOINT WARNING * * *
The human misses you.
You barely miss the human. Your headbutt misses the human.
The human is heavily wounded.
You hit the human but do no damage.
The human is heavily wounded.
The human hits you with a +0 long sword!
* * * LOW HITPOINT WARNING * * *
The human hits you with a +0 long sword!
* * * LOW HITPOINT WARNING * * *
You hit the human. Your headbutt misses the human.
The human is severely wounded.
You feel a strong urge to attack something.
You are no longer berserk.
You are exhausted.
You feel yourself slow down.
Your skin crawls.
You feel strong-willed.
The human hits you with a +0 long sword.
You die...

#......#.....#..
#######......#########
###....................#
.......................#
............(..........#
.......................#
.......................#
#######.########'###....
#@...........#....
#pp..........#....
#............#....
#............#....
#............#....
..#'########'#....
....... #....<##
........# #.....#
.........'. +....?#


You could see 2 humans.

Vanquished Creatures
  A hornet (D:7)
  The ghost of Hanibal the Charlatan, an amateur KoAr (D:3)
  2 yaks (D:7)
  A steam dragon (D:7)
  Menkaure (D:5)
  A water moccasin (D:7)
  3 ice beasts
  3 ogres
  A phantom (D:7)
  2 kobold brigands
  A gnoll sergeant (D:5)
  A scorpion (D:7)
  A howler monkey (D:5)
  A human zombie (D:4)
  2 jellies (D:5)
  An orc priest (D:6)
  2 gnoll boudas
  A hound (D:6)
  Crazy Yiuf (D:2)
  An iguana (D:6)
  An orc wizard (D:6)
  A mummy (Ossuary)
  14 gnolls
  8 adders
  A shadow imp (D:6)
  A white imp (D:7)
  An ufetubus (D:5)
  2 worms
  2 dart slugs
  4 orcs
  A spectral bat (Ossuary)
  4 bats
  6 endoplasms
  2 giant cockroaches
  12 gnoll zombies (Ossuary)
  7 goblins
  6 hobgoblins
  3 jackals (D:1)
  21 kobolds
  2 quokkas
  2 ball pythons
  2 bat simulacra (Ossuary)
  9 frilled lizards
  4 goblin simulacra (Ossuary)
  6 goblin zombies (Ossuary)
  6 hobgoblin zombies (Ossuary)
  4 kobold simulacra (Ossuary)
  4 kobold zombies (Ossuary)
  2 orc zombies (Ossuary)
  4 rats
  6 rat simulacra (Ossuary)
  3 spectral kobolds (Ossuary)
  2 spectral rats (Ossuary)
181 creatures vanquished.

Vanquished Creatures (others)
  10 demonic plants (D:3)
  12 fungi
  19 plants (D:3)
  5 withered plants (D:3)
46 creatures vanquished.

Grand Total: 227 creatures vanquished

Notes
Turn   | Place    | Note
-------+----------+-------------------------------------------
     0 | D:1      | Locuples the Minotaur Berserker began the quest for the
                  | Orb.
     0 | D:1      | Reached XP level 1. HP: 19/19 MP: 0/0
   357 | D:1      | Reached XP level 2. HP: 27/27 MP: 1/1
   458 | D:1      | Reached skill level 4 in Long Blades
  1023 | D:2      | Reached ** piety under Trog
  1102 | D:2      | Reached XP level 3. HP: 32/33 MP: 2/2
  2034 | D:2      | Reached XP level 4. HP: 41/41 MP: 3/3
  2182 | D:2      | Found a runed translucent door.
  2183 | D:2      | Noticed Crazy Yiuf
  2190 | D:2      | Killed Crazy Yiuf
  2191 | D:2      | Reached skill level 5 in Long Blades
  2472 | D:3      | Found a white marble altar of Elyvilon.
  2510 | D:3      | Found a shimmering altar of Xom.
  2886 | D:3      | Found a faded altar of an unknown god.
  3040 | D:3      | Found a runed translucent gate.
  3040 | D:3      | Found a runed translucent gate.
  3040 | D:3      | Found a runed translucent gate.
  3040 | D:3      | Noticed a kobold brigand
  3040 | D:3      | Noticed Hanibal's ghost (amateur KoAr)
  3068 | D:3      | Killed a kobold brigand
  3069 | D:3      | Reached skill level 5 in Fighting
  3069 | D:3      | Reached XP level 5. HP: 24/48 MP: 4/4
  3087 | D:3      | Killed Hanibal's ghost
  3088 | D:3      | Reached skill level 6 in Long Blades
  3088 | D:3      | Reached XP level 6. HP: 13/56 MP: 5/5
  3395 | D:3      | Found a hazy altar of Hepliaklqana.
  3827 | D:4      | Found a sand-covered staircase.
  3840 | Ossuary  | Entered an ossuary
  3918 | Ossuary  | Reached *** piety under Trog
  4311 | D:4      | Reached skill level 5 in Armour
  4331 | D:4      | Found a sacrificial altar of Ru.
  4426 | D:4      | Identified the +1 leather armour of Gallantry {*Slow Fly
                  | Stlth+}
  4589 | D:5      | Entered Level 5 of the Dungeon
  4600 | D:5      | Found an opulent altar of Gozag.
  4607 | D:5      | Found Gozag's Platinum Reserve.
  4651 | D:5      | Noticed an ice beast
  4656 | D:5      | Reached XP level 7. HP: 62/62 MP: 6/6
  4662 | D:5      | Reached skill level 7 in Long Blades
  4882 | D:5      | Noticed Menkaure
  4886 | D:5      | Killed Menkaure
  4887 | D:5      | Reached skill level 8 in Long Blades
  4967 | D:5      | Reached XP level 8. HP: 18/71 MP: 7/7
  5468 | D:5      | Found a broken altar of Ashenzari.
  5510 | D:5      | Reached **** piety under Trog
  5687 | D:5      | Found a staircase to the Ecumenical Temple.
  6056 | D:6      | Found a sparkling altar of Nemelex Xobeh.
  6062 | D:6      | Reached skill level 9 in Long Blades
  6477 | D:6      | Found an ancient bone altar of Kikubaaqudgha.
  6932 | D:7      | Noticed a hornet
  6934 | D:7      | Reached skill level 10 in Long Blades
  6939 | D:7      | Reached XP level 9. HP: 35/81 MP: 8/8
  7417 | D:7      | HP: 1/123 [human/+0 long sword (8)]
  7422 | D:7      | Slain by a human

Illustrated notes

Levels and vault maps discovered:
D:1:      evilmike_arrival_plus, layout_rooms, serial_corexii_hall,
          corexii_hall_statues_deadend, corexii_hall_statues_x,
          corexii_hall_statues_x
D:2:      layout_loops_ring, kennysheep_generic_room_8, uniq_crazy_yiuf_cottage
D:3:      layout_basic, mainiacjoe_overflow_alcove_4,
          worldfamousw_hep_ancestral_shrine, lemuel_round_altar,
          gammafunk_ghost_nasty_kobolds, shapermc_ecumenical_altar_gd
D:4:      layout_rooms, nicolae_ru_awakened_eye, serial_glass, glass_columns_a,
          glass_columns_a, glass_columns_a, glass_columns_b, glass_columns_c,
          glass_columns_b, enter_ossuary_3
D:5:      layout_loops_cross, nicolae_overflow_crystal_walls,
          nicolae_gozag_zags_fifth_avenue, minmay_temple_entry_statues,
          uniq_menkaure
D:6:      layout_rooms, old_standard_altar, nemelex_diamond_rough_becter
D:7:      layout_gridville, okawaru_humans, nicolae_sif_muna_condensation,
          dreamdust_gnoll_shepherd

Skill      XL: |  1  2  3  4  5  6  7  8  9 |
---------------+----------------------------+-----
Fighting       | 4 5 6 8 |  8.5
Long Blades    | 4 5 6 8 10 | 10.8
Armour         | 3 4 5 7 |  7.6
Dodging        | 3 4 |  4.1

Action                   |  1- 3 |  4- 6 |  7- 9 || total
-------------------------+-------+-------+-------++-------
Melee: Falchion          |   104 |    30 |       ||   134
       Headbutt          |    12 |    59 |    36 ||   107
       Long sword        |       |   226 |   168 ||   394
       Punch             |       |     4 |     3 ||     7
Invok: Berserk           |     1 |     4 |     7 ||    12
       Trog's Hand       |       |     4 |     2 ||     6
  Use: Scroll            |     1 |     6 |     3 ||    10
       Potion            |       |     6 |     1 ||     7
Armor: Animal skin       |    20 |       |       ||    20
       Ring mail         |     2 |    75 |    37 ||   114
Dodge: Dodged            |    63 |   107 |   111 ||   281

Table legend: (Time is in decaauts)
 A = Elapsed time spent in this place.
 B = Non-inter-level travel time spent in this place.
 C = Inter-level travel time spent in this place.
 D = Time resting spent in this place.
 E = Time spent auto-exploring this place.
 F = Levels seen in this place.
 G = Mean time per level.
                   A        B        C        D        E       F      G
               +--------+--------+--------+--------+--------+-----+--------+
         Total |   7559 |   7345 |    214 |    185 |   5654 |   8 |  944.9 |
       Dungeon |   7139 |   6925 |    214 |    185 |   5421 |   7 | 1019.9 |
       Ossuary |    419 |    419 |      0 |      0 |    233 |   1 |  419.0 |
               +--------+--------+--------+--------+--------+-----+--------+

Top non-repeatable levels by time:
     D:2: 1515 daAuts
     D:3: 1380 daAuts
     D:5: 1302 daAuts
     D:1: 944 daAuts
     D:6: 917 daAuts
     D:7: 670 daAuts
 Ossuary: 419 daAuts
     D:4: 408 daAuts
